 Dungeon Crawl Stone Soup version 0.31-a0-164-g2312942fda (webtiles) character file.

Game seed: 13063072821898626618

1216 jzorn67 the Skirmisher (level 8, -7/56 (60) HPs)
             Began as a Human Hunter on June 13, 2023.
             Was an Initiate of Ashenzari.
             Mangled by a wight
             ... wielding a +3 great sword of freezing
              (11 damage)
             ... on level 6 of the Dungeon.
             The game lasted 01:28:14 (4718 turns).

jzorn67 the Skirmisher (Human Hunter)               Turns: 4718, Time: 01:28:15

HP:   -7/56 (60)    AC: 11    Str: 11    XL:     8   Next: 75%
MP:   8/8           EV:  3    Int: 11    God:    Ashenzari [......]
Gold: 378           SH:  0    Dex: 18    Spells: 7/7 levels left

rFire   . . .        a - +2 shortbow (flame)
rCold   . . .        (shield currently unavailable)
rNeg    + . .        v - +0 plate armour
rPois   .            (no helmet)
rElec   .            (no cloak)
rCorr   .            (no gloves)
SInv    .            (no boots)
Will    +....        (no amulet) Stlth
                     e - ring of willpower
HPRegen 0.29/turn    K - ring of positive energy
MPRegen 0.11/turn

%: no passive effects
@: drained
A: no striking features
a: Renounce Religion, Curse Item


You were on level 6 of the Dungeon.
You worshipped Ashenzari.
Ashenzari was noncommittal.
You visited 2 branches of the dungeon, and saw 7 of its levels.

You collected 378 gold pieces.

Inventory:

Hand Weapons
 a - a +2 shortbow of flaming (weapon)
 c - a +0 scimitar
 j - a +0 hand axe
 p - a +0 long sword
 r - a +4 short sword of draining
 w - a +0 trident
 y - a +0 broad axe
 A - a +0 halberd
 B - a +2 heavy hand axe
 C - a +0 morningstar
 D - a +0 flail
 F - a +1 hand axe of venom
 I - a +1 heavy flail
Missiles
 E - a boomerang
 L - 3 silver boomerangs
Armour
 b - a +0 leather armour
 v - a +0 plate armour (worn)
Jewellery
 e - a ring of willpower (left hand)
 K - a ring of positive energy (right hand)
Wands
 i - a wand of mindburst (18)
 k - a wand of digging (7)
 J - a wand of flame (16)
Scrolls
 d - 4 scrolls of teleportation
 g - a scroll of torment {unknown}
 h - a scroll of butterflies
 o - 5 scrolls of fear
 q - 2 scrolls of amnesia
 t - a scroll of noise {unknown}
 x - a scroll of immolation
 G - a scroll of poison
Potions
 l - a potion of lignification {unknown}
 m - a potion of haste {unknown}
 n - 2 potions of resistance
 u - a potion of berserk rage {unknown}
 z - a potion of might {unknown}
 H - a potion of brilliance {unknown}


   Skills:
 + Level 4.0 Fighting
 + Level 1.9 Short Blades
 + Level 0.3(1.2) Long Blades
 + Level 2.0 Axes
 + Level 8.3 Ranged Weapons
 + Level 3.9 Armour
 + Level 2.3 Dodging
 + Level 1.1 Stealth
 + Level 0.1 Evocations


You had 7 spell levels left.
You didn't know any spells.
Your spell library contained the following spells:

 Spells                   Type           Power      Damage    Failure   Level
 Cigotuvi's Dreadful Rot  Necr/Pois/Air  0%         N/A       100%        2
 Lesser Beckoning         Tloc           0%         N/A       100%        2
 Dazzling Flash           Conj/Hex       0%         N/A       100%        3
 Gell's Gravitas          Tloc           0%         N/A       100%        3
 Ignite Poison            Fire/Tmut/Pois 0%         N/A       100%        3
 Teleport Other           Tloc           0%         N/A       100%        3
 Volatile Blastmotes      Fire/Tloc      0%         2d10      100%        3
 Fulminant Prism          Conj/Hex       0%         3d5       100%        4
 Iskenderun's Mystic Bla  Conj/Tloc      0%         2d3       100%        4
 Freezing Cloud           Conj/Ice/Air   0%         6-21      100%        5
 Lee's Rapid Deconstruct  Erth           0%         3d4*      100%        5
 Starburst                Conj/Fire      0%         6d3       100%        6


Dungeon Overview and Level Annotations

Branches:
Dungeon (6/15)             Temple (1/1) D:4

Altars:
Ashenzari
Hepliaklqana
Qazlal
Ru
Wu Jian

Shops:
D:2 (   D:4 (


Message History

Fire: a) +2 shortbow (flame)
Press: ? - help, Q - select action, (/) - cycle Shift-Dir - straight line, f - centaur, p - wight
Aim: a centaur, wielding a +0 shortbow (77% to hit)
You shoot an arrow. The arrow hits the wight.
The arrow burns the wight.
You destroy the wight!
The centaur shoots an arrow.
The arrow hits you!
The centaur shoots an arrow.
The arrow hits you!
* * * LOW HITPOINT WARNING * * *
You feel better.
The wight hits you with a +3 great sword of freezing.
* * * LOW HITPOINT WARNING * * *
The wight freezes you.
* * * LOW HITPOINT WARNING * * *
You feel better.
The wight hits you with a +3 great sword of freezing.
The wight freezes you.
* * * LOW HITPOINT WARNING * * *
Unknown command.
You feel better.
The wight hits you with a +3 great sword of freezing!
* * * LOW HITPOINT WARNING * * *
You partially resist.
You feel drained.
* * * LOW HITPOINT WARNING * * *
The wight freezes you.
* * * LOW HITPOINT WARNING * * *
Aiming: Mindburst
Press: ? - help, Q - select action, (/) - cycle Shift-Dir - straight line, f - wight, p - centaur
Aim: a wight, wielding a +3 great sword of freezing and wearing a +0 robe (severely damaged, chance to affect: 64%)
The wight struggles to resist.
The wight hits you with a +3 great sword of freezing.
* * * LOW HITPOINT WARNING * * *
You partially resist.
You feel drained.
* * * LOW HITPOINT WARNING * * *
The wight freezes you.
* * * LOW HITPOINT WARNING * * *
You shoot an arrow. The arrow closely misses the wight.
The arrow hits the centaur!
The arrow burns the centaur.
The centaur is heavily wounded.
The wight hits you with a +3 great sword of freezing!
You die...

......#.. ......
.. .....###..####
....+. #....###
../.#.#####...####
#c................
#z##.......##.####
#@##..............
#.##........###...
#.##........# ####
#.##........#
#.##........#
#.##........######
#.##..............
#.#######'########
#.# #.#


You could see a centaur and a wight.

Vanquished Creatures
  An orc warrior (D:6)
  3 black bears (D:5)
  An ogre (D:6)
  A phantom (D:5)
  Blork the orc (D:4)
  A wight (D:6)
  3 jellies
  A howler monkey (D:4)
  2 hounds (D:5)
  3 orc priests
  A sleepcap (D:4)
  An orc wizard (D:5)
  2 iguanas (D:5)
  6 adders
  An ufetubus (D:4)
  A worm (D:5)
  4 dart slugs
  21 orcs
  12 ball pythons
  6 bats
  8 endoplasms
  4 giant cockroaches
  4 goblins
  6 hobgoblins
  4 kobolds
  6 quokkas
  2 frilled lizards (D:2)
  6 rats
112 creatures vanquished.

Notes
Turn   | Place    | Note
-------+----------+-------------------------------------------
     0 | D:1      | jzorn67 the Human Hunter began the quest for the Orb.
     0 | D:1      | Reached XP level 1. HP: 16/16 MP: 1/1
    74 | D:1      | Reached XP level 2. HP: 17/23 MP: 2/2
   483 | D:1      | Reached XP level 3. HP: 28/28 MP: 3/3
   843 | D:2      | Found Roag's Antique Weapon Emporium.
   900 | D:2      | Reached XP level 4. HP: 34/34 MP: 4/4
  1215 | D:2      | Reached skill level 5 in Ranged Weapons
  1876 | D:3      | Reached XP level 5. HP: 39/40 MP: 5/5
  2050 | D:3      | Reached skill level 1 in Armour
  2334 | D:4      | Reached skill level 6 in Ranged Weapons
  2334 | D:4      | Reached XP level 6. HP: 36/47 MP: 6/6
  2628 | D:4      | Noticed Blork the orc
  2639 | D:4      | Killed Blork the orc
  2640 | D:4      | Reached skill level 1 in Axes
  2691 | D:4      | Found Waolueru's Antique Weapon Shop.
  2698 | D:4      | Found a staircase to the Ecumenical Temple.
  2777 | Temple   | Entered the Ecumenical Temple
  2816 | Temple   | Became a worshipper of Ashenzari the Shackled
  3300 | D:4      | Reached XP level 7. HP: 52/52 MP: 7/7
  3307 | D:5      | Entered Level 5 of the Dungeon
  3417 | D:5      | Reached skill level 7 in Ranged Weapons
  3601 | D:5      | Reached XP level 8. HP: 28/58 MP: 8/8
  3800 | D:5      | Reached skill level 8 in Ranged Weapons
  4584 | D:6      | Reached skill level 1 in Short Blades
  4594 | D:6      | Found a sacrificial altar of Ru.
  4614 | D:6      | Found a hazy altar of Hepliaklqana.
  4718 | D:6      | Mangled by a wight

Illustrated notes

Levels and vault maps discovered:
D:1:      scummos_arrival_checkerplants, layout_loops_cross,
          serial_bayou_lagoon_a, minivault_19, chequers_garden
D:2:      layout_rooms, serial_shops, shop, uniq_crazy_yiuf_cottage
D:3:      layout_basic, minmay_pentangle
D:4:      layout_basic, minmay_temple_entry_statues, serial_shops,
          shop_fountains, minmay_cupped, uniq_blork_the_orc
D:5:      layout_basic, serial_shops, nicolae_shop_real_fake_doors,
          grunt_ministairs_15
D:6:      layout_basic, minitemple, uniq_eustachio
Temple:   mainiacjoe_temple_cubbyholes

Skill      XL: |  1  2  3  4  5  6  7  8 |
---------------+-------------------------+-----
Ranged Weapons | 5 6 7 8 |  8.3
Armour         | 1 2 3 |  3.9
Fighting       | 3 4 |  4.0
Axes           | 1 2 |  2.0
Short Blades   | 1 |  1.9
Long Blades    | |  0.3
Dodging        | |  2.3
Stealth        | |  1.1
Evocations     | |  0.1

Action                     |  1- 3 |  4- 6 |  7- 9 || total
---------------------------+-------+-------+-------++-------
  Melee: Long sword        |       |     3 |       ||     3
         Broad axe         |       |    10 |       ||    10
         Short sword       |       |     3 |    69 ||    72
   Fire: Shortbow          |    82 |   128 |    58 ||   268
  Evoke: Wand              |       |       |     5 ||     5
    Use: Scroll            |     3 |    12 |       ||    15
         Potion            |       |       |     5 ||     5
 Armour: Leather armour    |     8 |       |       ||     8
         Ring mail         |     3 |    22 |       ||    25
         Plate armour      |       |    23 |    69 ||    92
  Dodge: Dodged            |    40 |    19 |    16 ||    75

Table legend: (Time is in decaauts)
 A = Elapsed time spent in this place.
 B = Non-inter-level travel time spent in this place.
 C = Inter-level travel time spent in this place.
 D = Time resting spent in this place.
 E = Time spent auto-exploring this place.
 F = Levels seen in this place.
 G = Mean time per level.
                   A        B        C        D        E       F      G
               +--------+--------+--------+--------+--------+-----+--------+
         Total |   4842 |   1575 |   3267 |      0 |      0 |   7 |  691.7 |
       Dungeon |   4729 |   1548 |   3181 |      0 |      0 |   6 |  788.2 |
        Temple |    112 |     26 |     86 |      0 |      0 |   1 |  112.0 |
               +--------+--------+--------+--------+--------+-----+--------+

Top non-repeatable levels by time:
     D:5: 1198 daAuts
     D:4: 980 daAuts
     D:3: 946 daAuts
     D:1: 842 daAuts
     D:2: 506 daAuts
     D:6: 255 daAuts
  Temple: 112 daAuts
